[Event "*** Titled Tuesday Blitz"]
[Site "Chess.com"]
[Date "2020.10.20"]
[Round "4"]
[White "Skatchkov_V"]
[Black "profofchess"]
[Result "0-1"]
[WhiteElo "2524"]
[BlackElo "2360"]
[TimeControl "180+1"]
[EndTime "10:41:48 PDT"]
[Termination "profofchess won by checkmate"]

1. d4 Nf6 2. c4 e6 3. Nf3 c5 4. d5 exd5 5. cxd5 d6 6. Nc3 g6 7.
Bf4 a6 8. a4 Bg7 9. e3 O-O 10.
h3 Qe7 11. Nd2 Nbd7 12. Nc4 Ne8 13. Be2 Rb8 14. a5 f5 15. O-O g5 16. Bh2 f4 17. exf4 gxf4 18. Qd2 Ne5 19. Bxf4 Nxc4 20. Bxc4 Qh4 21. g3 Qxh3 22. Rae1 Bg4 23. f3 Bd4+ 24.
Re3 Rxf4 25. gxf4 Qg3+ 26. Kh1 Qh3+ 27. Kg1 Bxf3 28. Kf2 Nf6 29. Rg1+ Kh8 30. Rg3 Qh2+ 31. Kxf3 Qxd2 32. Re2 Qc1 33. Kg2 Rg8 34. Bd3 Qxf4 35. Rxg8+ Kxg8 36. Kh1 Qh4+ 37. Kg2 Qg4+ 38. Kh2 Qh5+ 39.
Kg3 Qg5+ 40. Kf3 Ng4 41. Rg2 h5 42. Nd1 Qf6+ 43. Ke2 Qe5+ 44. Kd2 Kf8 45. Kc2 Qf4 46. Kb3 h4 47. Be2 Ne3 48. Rf2 Qxf2 49. Nxf2 Nf5 50. Nh3 Ne7 51. Kc4 Kf7 52. Bg4 Kf6 53. Be6 Ke5 54. b3 Nf5 55. Bc8 Ne3+ 56. Kd3 Nxd5 57. Bxb7 Nb4+ 58. Kc4 d5+ 59. Bxd5 Nxd5 60. Ng5 Nf4 61. b4 cxb4 62. Nf3+ Ke4 63. Nxd4 h3 64. Nc6 h2 65. Nxb4 h1=Q 66. Nxa6 Qf1+ 67. Kb4 Qxa6 68. Ka4 Nd5 69. Ka3 Qxa5+ 70. Kb3 Qb4+ 71. Kc2 Qc3+ 72.
Kd1 Qb2 73. Ke1 Nf4 74. Kf1 Kf3 75. Kg1 Qg2# 0-1

[Event "*** Titled Tuesday Blitz"]
[Site "Chess.com"]
[Date "2020.10.20"]
[Round "4"]
[White "GalperinPlaton"]
[Black "Hikaru"]
[Result "1/2-1/2"]
[WhiteElo "2825"]
[BlackElo "3219"]
[TimeControl "180+1"]
[EndTime "10:41:50 PDT"]
[Termination "Game drawn by repetition"]

1. d4 Nf6 2. c4 g6 3. Nc3 Bg7 4. e4 d6 5. Be2 O-O 6. Be3 e5 7. d5 a5 8. g4 Na6 9. g5 Nd7 10. h4 f5 11. gxf6 Qxf6 12. Qd2 h5 13. O-O-O Ndc5 14.
Nf3 Bg4 15. Ng5 Bxe2 16. Qxe2 Bh6 17. Rhg1 Kh8 18. Kb1 Bxg5 19. Rxg5 Rf7 20. Rdg1 Rg8 21. Rxg6 Qxg6 22. Rxg6 Rxg6 23. Qxh5+ Kg7 24. f4 Rxf4 25. Bxf4 exf4 26. Ne2 Nd3 27. Qf3 Nac5 28. h5 Rg5 29. b3 Ne5 30. Qxf4 Rg4 31. h6+ Kh7 32. Qf5+ Kxh6 33.
Nf4 Rg1+ 34. Kc2 Ng6 35. Ne6 Nxe6 36. dxe6 Rg5 37. Qf6 Re5 38. Kd3 Kh5 39. Ke3 b5 40. Qf7 bxc4 41. bxc4 c5 42. Qf6 Kh6 43. a4 Kh5 44.
Qf7 Kh6 45. Qd7 Kg5 46. Qxd6 Kf6 47. e7+ Kf7 48. e8=Q+ Rxe8 49. Qxc5 Ne5 50. Qb5 Re6 51. Qd5 Ke7 52. c5 Nc6 53. Qg5+ Kd7 54. Qd5+ Ke7 55.
Qg5+ Kd7 56. Qg7+ Re7 57. Qg4+ Re6 58. Qf5 Ke7 59. Qd5 Rg6 60. Kf4 Rf6+ 61. Kg5 Re6 62. Kf4 Rf6+ 63. Ke3 Re6 1/2-1/2

[Event "*** Titled Tuesday Blitz"]
[Site "Chess.com"]
[Date "2020.10.20"]
[Round "4"]
[White "Makswolf200817"]
[Black "Meri-Arabidze"]
[Result "1-0"]
[WhiteElo "2453"]
[BlackElo "2636"]
[TimeControl "180+1"]
[EndTime "10:41:50 PDT"]
[Termination "Makswolf200817 won on time"]

1. d4 d5 2. c4 dxc4 3. e3 Nf6 4. Bxc4 e6 5. Nf3 a6 6. Be2 b5 7. O-O Bb7 8. a4 b4 9. Nbd2 Nbd7 10. a5 c5 11. Nc4 Be7 12. b3 O-O 13. Bb2 Nd5 14. Qd2 N7f6 15. Bd3 Rc8 16. dxc5 Bxc5 17. Rfd1 Qe7 18.
e4 Nc3 19. Bxc3 bxc3 20. Qxc3 Nxe4 21. Bxe4 Bxe4 22. Nfe5 Bd5 23. Qg3 f6 24. Ng4 Rb8 25. Rab1 Be4 26. Rb2 Rfd8 27. Rbd2 Bd5 28. h4 Bxc4 29.
bxc4 Kf8 30. h5 h6 31. Qf4 Rbc8 32. Ne3 Bb4 33. Rxd8+ Rxd8 34. Rxd8+ Qxd8 35. Qe4 Qe8 36. Qb7 Bxa5 37. Qxa6 Bb4 38. Qb6 Ba3 39. c5 Qxh5 40.
Qd6+ Kg8 41. Qd8+ Kh7 42. c6 Qc5 43. c7 Qc1+ 44. Nf1 Bb4 45. c8=Q Qf4 46. Qd3+ f5 47. Qxe6 1-0

[Event "*** Titled Tuesday Blitz"]
[Site "Chess.com"]
[Date "2020.10.20"]
[Round "4"]
[White "dosto07"]
[Black "Gerodot71"]
[Result "0-1"]
[WhiteElo "2327"]
[BlackElo "2454"]
[TimeControl "180+1"]
[EndTime "10:41:50 PDT"]
[Termination "Gerodot71 won on time"]

1. e4 e5 2. Nf3 Nc6 3. Bb5 a6 4. Ba4 Nf6 5. O-O Be7 6. d3 b5 7. Bb3 d6 8. Bd2 O-O 9. h3 Nb8 10. a4 Bb7 11. Nc3 b4 12. Ne2 a5 13. Ng3 Nbd7 14.
c3 bxc3 15. bxc3 Nc5 16. Bc2 Re8 17. Re1 Bf8 18. Be3 Ne6 19. d4 exd4 20. cxd4 Rb8 21. Qd2 g6 22. Qxa5 Bg7 23. Rab1 c5 24. Qxd8 Rexd8 25. d5 Nc7 26. Rb6 Na8 27. Rb5 Nc7 28.
Rb6 Na8 29. Rbb1 Nd7 30. Nd2 Ba6 31. Rxb8 Rxb8 32. Rb1 Rxb1+ 33. Bxb1 Kf8 34. f3 Nab6 35. Bc2 Ke7 36. Kf2 Ne5 37. Ne2 Nd3+ 38. Bxd3 Bxd3 39.
Nc1 Ba6 40. a5 Na4 41. Bg5+ Kd7 42. f4 Bc3 43. Ke3 Bxa5 44. Nd3 c4 45. Ne1 Bb6+ 46.
Kf3 c3 47. Nb3 Bc4 48. Nc1 Bc5 49. Bf6 Ba3 50. Ncd3 c2 0-1

[Event "*** Titled Tuesday Blitz"]
[Site "Chess.com"]
[Date "2020.10.20"]
[Round "4"]
[White "Grineva_Marianna"]
[Black "MFBerna"]
[Result "0-1"]
[WhiteElo "2249"]
[BlackElo "2418"]
[TimeControl "180+1"]
[EndTime "10:41:50 PDT"]
[Termination "MFBerna won on time"]

1. e4 c5 2. Nf3 Nc6 3. d4 cxd4 4. Nxd4 e6 5. Nc3 Qc7 6. a3 Nf6 7. Be3 a6 8. Qf3 Be7 9. O-O-O b5 10. Qg3 Qxg3 11. hxg3 Bb7 12. f3 O-O 13. Bd3 d6 14. g4 Ne5 15. g5 Nfd7 16. Rh3 Rfc8 17. Rdh1 Nf8 18. f4 Nxd3+ 19. cxd3 d5 20. e5 Bxa3 21. bxa3 Rxc3+ 22. Kd2 Rxa3 23. f5 Ra2+ 24. Kd1 Ra1+ 25. Ke2 Rxh1 26. Rxh1 exf5 27. Nxf5 d4 28. Bxd4 Bxg2 29.
Rh2 Bb7 30. Bc5 Ne6 31. Be7 Re8 32. Ke3 a5 33. d4 b4 34. Bd6 Nxg5 35. Ra2 Ra8 36.
Ne7+ Kh8 37. d5 b3 38. Ra3 a4 39. Kd4 Nf3+ 40. Kc3 Ne1 41. Ra1 Nc2 42. Rb1 a3 0-1

[Event "*** Titled Tuesday Blitz"]
[Site "Chess.com"]
[Date "2020.10.20"]
[Round "4"]
[White "Trickov"]
[Black "parnali1611"]
[Result "1-0"]
[WhiteElo "2337"]
[BlackElo "2102"]
[TimeControl "180+1"]
[EndTime "10:41:50 PDT"]
[Termination "Trickov won on time"]

1. d4 d5 2. Nf3 Nf6 3. c4 e6 4. g3 Bb4+ 5. Bd2 Be7 6. Bg2 O-O 7. O-O dxc4 8. Na3 c6 9. Nxc4 Na6 10. Rc1 Nc7 11. b3 Ncd5 12. Qc2 a5 13. Rfd1 Nb4 14. Qb1 Bd7 15. e4 b5 16. Nce5 Qb6 17. h3 Qb7 18. Nxd7 Nxd7 19. a3 Na6 20. Qb2 Nc7 21. Bf4 b4 22. a4 Rac8 23. Qe2 Rfd8 24. Rc2 c5 25. d5 exd5 26. exd5 Bf6 27. d6 Ne6 28. Ne5 Qb6 29. Nc4 Qa7 30. Be3 Bd4 31. Rcd2 Nf6 32. h4 Ne8 33. Bh3 Nxd6 34. Bxe6 fxe6 35. Bxd4 cxd4 36. Qxe6+ Nf7 37. Ne5 Re8 38. Qxf7+ Qxf7 39. Nxf7 Kxf7 40. Rxd4 Rc3 41. Rd5 Rxb3 42. Rxa5 Ra3 43. Ra7+ Re7 44. Rdd7 Rxd7 45. Rxd7+ Kf6 46. Ra7 b3 47. Rb7 Ra1+ 48.
Kg2 Rxa4 49. Rxb3 1-0

[Event "*** Titled Tuesday Blitz"]
[Site "Chess.com"]
[Date "2020.10.20"]
[Round "4"]
[White "Carnivoras"]
[Black "tteshan"]
[Result "1-0"]
[WhiteElo "2636"]
[BlackElo "2394"]
[TimeControl "180+1"]
[EndTime "10:41:51 PDT"]
[Termination "Carnivoras won by resignation"]

1. d4 d5 2. c4 dxc4 3. Nf3 Nf6 4.
e3 Bg4 5. Bxc4 e6 6. O-O a6 7. Nc3 Nc6 8. h3 Bh5 9. b3 Bd6 10. Bb2 O-O 11. Be2 Re8 12. Nd2 Bxe2 13. Qxe2 Qe7 14.
a3 Rad8 15. b4 Nd5 16. Nc4 Nxc3 17. Bxc3 e5 18. d5 Na7 19. Rac1 f6 20. Rfd1 c6 21. Na5 cxd5 22. Rxd5 Bb8 23. Qa2 Kh8 24. Rcd1 Rxd5 25.
Qxd5 b6 26. Nc4 Qc7 27. Bb2 h6 28. e4 Nc6 29. Rc1 Rd8 30. Qe6 Qb7 31. Ne3 Nd4 32.
Bxd4 exd4 33. Nd5 b5 34. Nxf6 Rf8 35. Nd5 Qf7 36. Qxf7 Rxf7 37. Rc8+ Kh7 38. Rxb8 d3 39. Rd8 d2 40. Ne3 Rc7 41. Rxd2 Rc1+ 42. Kh2 Rc3 43.
Ra2 Rd3 44. a4 Rd4 45. axb5 axb5 46. Nd5 Rxe4 47. Ra5 Re5 48. Rxb5 Rf5 49. f4 g5 50. fxg5 hxg5 51. Rc5 Kg6 52. b5 1-0

[Event "*** Titled Tuesday Blitz"]
[Site "Chess.com"]
[Date "2020.10.20"]
[Round "4"]
[White "IANOV0007"]
[Black "Smile2005"]
[Result "1/2-1/2"]
[WhiteElo "2492"]
[BlackElo "2344"]
[TimeControl "180+1"]
[EndTime "10:41:51 PDT"]
[Termination "Game drawn by repetition"]

1. Nf3 Nf6 2. g3 g6 3. b3 Bg7 4. Bb2 O-O 5. Bg2 d6 6. d4 Nbd7 7. O-O e5 8. dxe5 Ng4 9. c4 Ngxe5 10. Nc3 Nxf3+ 11. Bxf3 Ne5 12. Bg2 c6 13. Qd2 Qc7 14.
Rad1 Rd8 15. h3 f5 16. f4 Nf7 17. e4 fxe4 18. Nxe4 Bf5 19. Bxg7 Bxe4 20. Bb2 Bxg2 21. Kxg2 Qe7 22. Rfe1 Qf8 23. Qd4 Re8 24. Qf6 a5 25. a4 Rad8 26. g4 c5 27. Kg3 g5 28. fxg5 Rxe1 29. Rxe1 Ne5 30. Bxe5 dxe5 31. Qxf8+ Kxf8 32. Rxe5 Rd3+ 33. Kf4 Rxh3 34. Rxc5 Rxb3 35. Rxa5 Rb4 36.
Kf5 Rxc4 37. Rb5 Rxa4 38. Rxb7 Kg8 39. Rb8+ Kg7 40. Rb7+ Kg8 41. Rb5 Ra6 42. Re5 Kg7 43. Re7+ Kg8 44. Re5 Kg7 45. Rd5 Kg8 46. Kf4 Kg7 47.
Kg3 Kg6 48. Kh4 Rc6 49. Rd8 Re6 50. Rg8+ Kf7 51. Rc8 Kg6 52. Rc5 Ra6 53. Rb5 Rc6 54. Rb8 Rd6 55. Rg8+ Kf7 56. Rc8 Kg6 57. Rc7 Ra6 58.
Rd7 Rb6 59. Rd8 Ra6 60. Rg8+ Kf7 61. Rd8 Kg6 62. Rd5 Rb6 63. Rd4 Rb1 64. Rd6+ Kg7 65. Kg3 Rb3+ 66. Kf4 Rb4+ 67. Kf5 Rb5+ 68. Kf4 Rb4+ 69.
Kg3 Rb3+ 70. Kh4 Rb1 71. Rd7+ Kg6 72. Rd6+ Kg7 1/2-1/2

[Event "*** Titled Tuesday Blitz"]
[Site "Chess.com"]
[Date "2020.10.20"]
[Round "4"]
[White "RobPeresian"]
[Black "Matols"]
[Result "0-1"]
[WhiteElo "2421"]
[BlackElo "2250"]
[TimeControl "180+1"]
[EndTime "10:41:52 PDT"]
[Termination "Matols won by resignation"]

1. Nf3 Nf6 2. c4 e6 3. Nc3 b6 4. g3 Bb7 5. Bg2 Bb4 6. Qc2 O-O 7. O-O d5 8. cxd5 exd5 9. d4 Re8 10. Bg5 h6 11.
Bxf6 Qxf6 12. e3 a6 13. Rac1 Nd7 14. Rfd1 Rac8 15. Ne1 Qe6 16. Nd3 Bd6 17. Qb3 Nf6 18. a4 Ne4 19. a5 b5 20. Nxe4 dxe4 21. Qxe6 Rxe6 22. Nc5 Bxc5 23. Rxc5 Re7 24. b4 Rd8 25. Rdc1 c6 26. h4 Rd5 27. Kf1 Rxc5 28. Rxc5 Kf8 29. Re5 Rxe5 30. dxe5 c5 31. bxc5 Ke7 32. Bh3 Kd8 33. Ke2 Kc7 34. Bf5 Bd5 35. Kd2 Kc6 36. Bc8 Kxc5 37. Bxa6 Kb4 38. g4 Kxa5 39. Bc8 Kb4 40.
g5 hxg5 41. hxg5 Kc5 42. Kc3 b4+ 43. Kb2 g6 44. Bd7 Kc4 45. Bg4 Kd3 46. Kc1 b3 47.
Bd1 Kc3 48. Be2 b2+ 49. Kb1 Bb3 0-1

[Event "*** Titled Tuesday Blitz"]
[Site "Chess.com"]
[Date "2020.10.20"]
[Round "4"]
[White "TheBigBoss04"]
[Black "Jospem"]
[Result "0-1"]
[WhiteElo "2734"]
[BlackElo "2955"]
[TimeControl "180+1"]
[EndTime "10:41:55 PDT"]
[Termination "Jospem won on time"]

1. d4 Nf6 2. c4 e6 3. Nf3 Bb4+ 4. Bd2 c5 5. g3 b6 6. Bg2 Bb7 7. O-O O-O 8. Bg5 cxd4 9. Qxd4 Nc6 10. Qd3 h6 11.
Bf4 d5 12. a3 Be7 13. Ne5 Nxe5 14. Bxe5 Ba6 15. Nd2 Rc8 16. Rfd1 Nd7 17. Bc3 Bf6 18. Rac1 Nc5 19. Qc2 Bxc3 20. Qxc3 d4 21. Qc2 e5 22. b4 d3 23. exd3 Nxd3 24. Rb1 Rc7 25. Bf1 Nxf2 26. Kxf2 Qd4+ 27. Ke2 Bb7 28. Nf3 Qg4 29. Qc3 e4 30. Kf2 exf3 31. Rd4 Qc8 32. Rbd1 Re7 33. R4d2 Rfe8 34.
c5 bxc5 35. bxc5 Rc7 36. Rc2 Bc6 37. Rdc1 Ba4 38. Rd2 Bc6 39. Qd4 Rd7 40. Qc3 Rxd2+ 41. Qxd2 Qb8 42. Rc3 Rd8 43. Qe3 Qb2+ 44. Kg1 f2+ 45.
Qxf2 Qxc3 0-1

[Event "*** Titled Tuesday Blitz"]
[Site "Chess.com"]
[Date "2020.10.20"]
[Round "4"]
[White "dropstoneDP"]
[Black "elohunter1999"]
[Result "1-0"]
[WhiteElo "2848"]
[BlackElo "2527"]
[TimeControl "180+1"]
[EndTime "10:41:55 PDT"]
[Termination "dropstoneDP won by resignation"]

1. e4 c6 2. d4 d5 3. Nc3 dxe4 4.
Nxe4 Nd7 5. Nf3 Ngf6 6. Nc3 e6 7.
Bd3 Bd6 8. O-O b6 9. Qe2 Bb7 10. Ne4 Nxe4 11. Qxe4 Qc7 12. Bg5 h6 13. Bh4 c5 14.
Qg4 g5 15. Bg3 Nf6 16. Bxd6 Qxd6 17. Qg3 Qxg3 18. fxg3 Nd7 19. Bb5 O-O-O 20. c3 cxd4 21. Nxd4 Rhf8 22. Rad1 Nc5 23. Bc6 a6 24. Bxb7+ Kxb7 25. Rde1 Rd5 26. Rf6 h5 27. Ref1 Rd7 28. Rh6 e5 29. Nf3 e4 30. Nxg5 Rd2 31. b4 Na4 32.
Nxe4 Rxa2 33. Nd6+ Kc7 34. c4 Nc3 35. h4 Ne2+ 36.
Kh2 Ra3 37. c5 bxc5 38. bxc5 Nxg3 39. Rb1 Rb8 40. Rxb8 Kxb8 41. Rf6 Rc3 42. Rxf7 Ne2 43. Rb7+ Ka8 44. Rc7 Rc4 45. Nxc4 1-0

[Event "*** Titled Tuesday Blitz"]
[Site "Chess.com"]
[Date "2020.10.20"]
[Round "4"]
[White "W_Amadeus"]
[Black "Ziachess74"]
[Result "1-0"]
[WhiteElo "2724"]
[BlackElo "2484"]
[TimeControl "180+1"]
[EndTime "10:41:55 PDT"]
[Termination "W_Amadeus won on time"]

1. e4 c5 2. Nf3 d6 3. d4 cxd4 4. Nxd4 Nf6 5. Nc3 Nc6 6. f3 e5 7.
Nb3 Be7 8. Be3 O-O 9. Qd2 a5 10. Bb5 Be6 11. Rd1 Na7 12. Be2 Nc8 13. Nd5 Bxd5 14. exd5 a4 15. Na1 Nb6 16. c4 Nbd7 17. Nc2 Nh5 18. O-O Nf4 19. Na3 Nxe2+ 20. Qxe2 Bg5 21. Bf2 Bh4 22. g3 Be7 23. Nb5 Re8 24. b4 Bf8 25. a3 b6 26. Rc1 f5 27.
Nc3 Ra7 28. Qc2 g6 29. Nxa4 Qa8 30. Nxb6 Nxb6 31. Bxb6 Rxa3 32. Bf2 Ra2 33. Qd1 Qa3 34. c5 Qxb4 35. c6 Rc8 36. Ra1 Rb2 37. Rb1 Bg7 38.
Rxb2 Qxb2 39. Qa1 Qxa1 40. Rxa1 e4 41. Rb1 exf3 42. Rb7 Bf6 43. Bb6 1-0

[Event "*** Titled Tuesday Blitz"]
[Site "Chess.com"]
[Date "2020.10.20"]
[Round "4"]
[White "Shuvalov"]
[Black "ftorodent"]
[Result "1-0"]
[WhiteElo "2471"]
[BlackElo "2660"]
[TimeControl "180+1"]
[EndTime "10:41:55 PDT"]
[Termination "Shuvalov won by resignation"]

1. Nf3 d5 2. c4 e6 3. g3 Nf6 4. Bg2 Be7 5. O-O O-O 6. b3 b6 7. Bb2 Bb7 8. e3 c5 9. Nc3 a6 10. Qe2 d4 11. exd4 cxd4 12. Na4 d3 13. Qe3 b5 14.
Nb6 Ng4 15. Qf4 Qxb6 16. Qxg4 f6 17. Rfe1 e5 18. Nh4 Bc5 19. Bxb7 Qxb7 20. Nf5 g6 21. b4 Bxb4 22. cxb5 a5 23. Qc4+ Kh8 24. Nh6 Qg7 25. Ng4 Nd7 26. a3 Be7 27. h4 Rfd8 28.
h5 Rac8 29. Qe6 Nc5 30. Qa2 gxh5 31. Nxe5 h4 32. Nf7+ Kg8 33. Nxd8+ Kf8 34. Ne6+ Nxe6 35. Qxe6 Rd8 36. g4 Rd6 37. Qf5 h5 38. Rac1 hxg4 39.
Rc8+ Bd8 40. Qe4 Qd7 41. Rc6 Rd5 42. Bxf6 Bxf6 43. Rxf6+ Kg7 44. Qg6+ 1-0

[Event "*** Titled Tuesday Blitz"]
[Site "Chess.com"]
[Date "2020.10.20"]
[Round "4"]
[White "Fy_Rakotomaharo"]
[Black "SanchezKelvin"]
[Result "1-0"]
[WhiteElo "2642"]
[BlackElo "2398"]
[TimeControl "180+1"]
[EndTime "10:41:55 PDT"]
[Termination "Fy_Rakotomaharo won on time"]

1. e4 c5 2. Nf3 d6 3. d4 cxd4 4. Nxd4 Nf6 5. Nc3 g6 6. g3 Nc6 7. Nde2 Bg7 8. Bg2 O-O 9. O-O Rb8 10. b3 b5 11. Rb1 b4 12. Nd5 Nd7 13. Bb2 Ba6 14.
Bxg7 Kxg7 15. Re1 e6 16. Ne3 Qc7 17. Nd4 Nxd4 18. Qxd4+ Kg8 19. Rbd1 Rb6 20. h4 Qc5 21.
Qd2 Rc8 22. Kh2 Qc3 23. Qxc3 Rxc3 24. Rd4 Kf8 25. Red1 Ke7 26. h5 Nf6 27. hxg6 hxg6 28. Kg1 Ne8 29. Bf1 Bxf1 30. Kxf1 a5 31. R1d2 Rbc6 32.
Nc4 Rc5 33. Ke2 e5 34. R4d3 Rxd3 35. Rxd3 a4 36. f4 f6 37. Kd2 Rc6 38. Ne3 Nc7 39. f5 gxf5 40. exf5 a3 41. g4 Rc5 42. Nd1 d5 43.
Rh3 d4 44. Rh7+ Kd6 45. Nf2 Rc6 46. Ne4+ Kd5 47. Kd3 Ne8 48. Rd7+ 1-0

[Event "*** Titled Tuesday Blitz"]
[Site "Chess.com"]
[Date "2020.10.20"]
[Round "4"]
[White "esrosenberg"]
[Black "Artem_Sadovsky"]
[Result "0-1"]
[WhiteElo "2288"]
[BlackElo "2508"]
[TimeControl "180+1"]
[EndTime "10:41:55 PDT"]
[Termination "Artem_Sadovsky won by checkmate"]

1. Nf3 g6 2. e4 Bg7 3. Bc4 c6 4. Bb3 d5 5. Nc3 d4 6. Ne2 e5 7. d3 Nd7 8. h4 Nc5 9. h5 a5 10. Bg5 Bf6 11. hxg6 fxg6 12. Bxf6 Qxf6 13. Bxg8 Rxg8 14.
Rxh7 Bg4 15. Qd2 Bxf3 16. gxf3 Qxf3 17. O-O-O Qxf2 18. Qg5 Qe3+ 19. Qxe3 dxe3 20. Rf1 O-O-O 21. Rff7 Rd7 22. Rxd7 Nxd7 23. c3 Nc5 24. Kc2 Rd8 25.
Nc1 Nxe4 26. Re7 e2 27. Nxe2 Nc5 28. Nc1 Nd7 29. Rg7 Nf8 30. Rf7 Re8 31. Rf1 Ne6 32. Re1 Nf4 33. Re4 g5 34. Nb3 b6 35. Nd2 g4 36.
Nc4 g3 37. Nd6+ Kd7 38. Nxe8 g2 39. Nf6+ Ke6 40. Rxe5+ Kxe5 41. Ng4+ Ke6 42. Ne3 g1=Q 43. Nc4 Qf2+ 44. Kb3 a4+ 45. Kxa4 b5+ 46. Kb4 bxc4 47. dxc4 Qxb2+ 48. Kc5 Kd7 49. a4 Ne2 50. a5 Kc7 51. a6 Qb6# 0-1

[Event "*** Titled Tuesday Blitz"]
[Site "Chess.com"]
[Date "2020.10.20"]
[Round "4"]
[White "MisiekZielony"]
[Black "Sanyura"]
[Result "0-1"]
[WhiteElo "2268"]
[BlackElo "2501"]
[TimeControl "180+1"]
[EndTime "10:41:55 PDT"]
[Termination "Sanyura won by resignation"]

1. c4 e5 2. Nc3 Nf6 3. Nf3 Nc6 4.
e3 d5 5. cxd5 Nxd5 6. Bb5 Nxc3 7. bxc3 Bd6 8. d4 exd4 9. cxd4 Bd7 10. O-O O-O 11. Rb1 Rb8 12. Bc4 Qe7 13. Bd2 Bf5 14. Rc1 Be4 15. Bc3 b5 16. Bd3 Rb6 17. Bxe4 Qxe4 18.
Qc2 Qxc2 19. Rxc2 b4 20. Bd2 f5 21. Ne1 a5 22. Nd3 a4 23. Rc4 Rfb8 24. Rb1 a3 25.
Nc1 Na5 26. Rc2 b3 27. Nxb3 Nxb3 28. axb3 Rxb3 29. Re1 Rb2 30. Rxb2 axb2 31. Rb1 Ra8 32. Bc3 Ra3 33. Bxb2 Rb3 34. g3 Ba3 35. Bxa3 Rxb1+ 36. Kg2 Rb3 37. Bc5 Kf7 38. h4 Ke6 39. Kf3 Rb2 40. Bf8 Kf7 41. Bc5 h6 42. Kf4 Rxf2+ 43. Ke5 g5 44.
hxg5 hxg5 45. d5 Rf3 46. Bd4 Kg6 47. Ke6 Rxg3 48. Kd7 f4 49. exf4 Rd3 50. Be5 g4 51. Ke6 Re3 52. f5+ 0-1

[Event "*** Titled Tuesday Blitz"]
[Site "Chess.com"]
[Date "2020.10.20"]
[Round "4"]
[White "Love_craft"]
[Black "Loy_Konstantin"]
[Result "1/2-1/2"]
[WhiteElo "2611"]
[BlackElo "2367"]
[TimeControl "180+1"]
[EndTime "10:41:55 PDT"]
[Termination "Game drawn by repetition"]

1. Nf3 c5 2. e3 g6 3. Be2 Bg7 4. O-O Nf6 5. b3 O-O 6. Bb2 d6 7. d4 cxd4 8. Nxd4 Nc6 9. Bf3 Nxd4 10. Bxd4 Qc7 11. c4 Bd7 12. Bb2 Bc6 13. Nc3 Bxf3 14. Qxf3 Qc6 15. Nd5 Nxd5 16. Bxg7 Kxg7 17. cxd5 Qd7 18.
Rac1 Rac8 19. h3 Rxc1 20. Rxc1 Rc8 21. Rxc8 Qxc8 22. Qe4 Qf5 23. Qxf5 gxf5 24. f4 e6 25. Kf2 Kg6 26. Ke2 Kf6 27. Kd3 h5 28. g3 Ke7 29.
e4 fxe4+ 30. Kxe4 f5+ 31. Kd4 Kf6 32. b4 b6 33. a4 Ke7 34. a5 Kd7 35. axb6 axb6 36.
Kc4 Ke7 37. Kd4 Kd7 38. Kc4 e5 39. Kd3 e4+ 40. Ke3 b5 41. g4 hxg4 42. hxg4 fxg4 43. Kxe4 Ke7 44. Ke3 Kf6 45. Kf2 Kg6 46. Kg2 Kf6 47. Kf2 Kg6 48. Kg2 Kf6 49. Kf2 1/2-1/2

[Event "*** Titled Tuesday Blitz"]
[Site "Chess.com"]
[Date "2020.10.20"]
[Round "4"]
[White "scandalgod"]
[Black "niki_2003"]
[Result "1-0"]
[WhiteElo "2371"]
[BlackElo "1838"]
[TimeControl "180+1"]
[EndTime "10:41:55 PDT"]
[Termination "scandalgod won by resignation"]

1. d4 Nf6 2. c4 e6 3. g3 Bb4+ 4.
Bd2 Qe7 5. Nf3 O-O 6. Nc3 Nc6 7.
Bg2 d5 8. O-O dxc4 9. Rc1 Bxc3 10. Rxc3 Nd5 11. Rxc4 Nd8 12. e4 Nb6 13. Rc1 Bd7 14.
Rxc7 Qd6 15. Bf4 Qb4 16. Qc2 Nc6 17. Rd1 Rac8 18. a3 Qe7 19. d5 e5 20. d6 Qe6 21.
Be3 Rxc7 22. dxc7 Rc8 23. Qd3 Rxc7 24. b4 Nc4 25. b5 Nxe3 26. Qxe3 Na5 27. Qxa7 Nc4 28.
Qb8+ Rc8 29. Qxb7 Nd6 30. Qd5 Nxb5 31. Qxd7 Qxd7 32. Rxd7 f6 33. Bf1 Nxa3 34. Nh4 g6 35.
Ng2 Nb1 36. Ne3 Rc1 37. Kg2 Nc3 38. Bc4+ Kf8 39. Nd5 Nxe4 40. Bd3 Nc5 41. Rd8+ Kf7 42. Bb5 Rd1 43. Bc6 Ne6 44. Rc8 Rc1 45. Be8+ Kf8 46. Rxc1 Kxe8 47. Nc7+ Kd7 48. Nxe6 Kxe6 49. Rc7 Kd5 50.
Rxh7 f5 51. Rg7 e4 52. Rxg6 Kd4 53. Re6 1-0

[Event "*** Titled Tuesday Blitz"]
[Site "Chess.com"]
[Date "2020.10.20"]
[Round "4"]
[White "Angel_Hranitel_37"]
[Black "Witik"]
[Result "0-1"]
[WhiteElo "2508"]
[BlackElo "2769"]
[TimeControl "180+1"]
[EndTime "10:41:56 PDT"]
[Termination "Witik won by resignation"]

1. d4 d5 2. c4 e6 3. Nf3 c6 4. g3 Bd6 5. Bg2 f5 6. O-O Nf6 7.
Bf4 Bxf4 8. gxf4 O-O 9. e3 Bd7 10. Ne5 Be8 11. Nd2 Nbd7 12. Ndf3 Bh5 13. Qb3 Rb8 14.
Qa3 a6 15. Qd6 Nxe5 16. fxe5 Qxd6 17. exd6 Bxf3 18. Bxf3 dxc4 19. Rac1 Rfd8 20. Rxc4 Rxd6 21. a4 Re8 22. Rb4 Rd7 23. Rd1 Kf8 24. Rd3 a5 25.
Rb6 Rc7 26. Rdb3 Ree7 27. Rc3 e5 28. dxe5 Nd7 29. Rbb3 Rxe5 30. Rc4 Ke7 31. Rd3 g6 32. h4 Nc5 33. Rd1 Rd7 34. Rcd4 Re6 35. Rxd7+ Nxd7 36. h5 Nc5 37. Rd4 Rd6 38. Rc4 Nd7 39. hxg6 hxg6 40.
Rh4 Rd2 41. Rh7+ Kd6 42. b3 Ne5 43. Bg2 b6 44. Bf1 Rb2 45. f4 Nf3+ 46. Kh1 Rxb3 47.
Be2 Rxe3 48. Bxf3 Rxf3 49. Rg7 Rxf4 50. Rxg6+ Kc5 51. Rf6 Rxa4 52. Rxf5+ Kb4 53. Rf4+ Kb5 54. Rf3 c5 55. Rf5 Ra2 56. Rf3 a4 57. Ra3 Rxa3 0-1

[Event "*** Titled Tuesday Blitz"]
[Site "Chess.com"]
[Date "2020.10.20"]
[Round "4"]
[White "ShcufNaiRolf"]
[Black "Chessdreamer2020"]
[Result "0-1"]
[WhiteElo "2330"]
[BlackElo "2468"]
[TimeControl "180+1"]
[EndTime "10:41:56 PDT"]
[Termination "Chessdreamer2020 won by checkmate"]

1. e4 d6 2. d4 Nf6 3. Nc3 e5 4. Nf3 Nbd7 5. Bc4 Be7 6. O-O O-O 7. a4 a5 8. Re1 c6 9. h3 Nb6 10. Bf1 exd4 11. Nxd4 d5 12. e5 Ne8 13. f4 g6 14.
Kh1 Ng7 15. Be2 Nd7 16. Bg4 Nc5 17. Be3 Nce6 18. Nce2 Nc5 19. Nc3 Nce6 20. Rf1 Nxd4 21. Bxd4 Bxg4 22. Qxg4 Nf5 23. Bf2 h5 24. Qf3 h4 25.
Ne2 Re8 26. Rad1 Qc8 27. Qd3 Kg7 28. c4 dxc4 29. Qxc4 Bb4 30. Rd3 Rd8 31. Rfd1 Rxd3 32. Rxd3 Qe8 33. Nd4 Nxd4 34. Qxd4 Be7 35. Qd7 Rd8 36.
Qxe8 Rxe8 37. Bb6 Bb4 38. Kg1 g5 39. fxg5 Kg6 40. Bd4 Rd8 41. Kf2 Rxd4 42. Rxd4 Bc5 43. Ke3 Kxg5 44. Ke4 Bxd4 45. Kxd4 Kf4 46. Kc5 Kxe5 47.
Kb6 Kd5 48. Kxb7 Kc5 49. Ka6 Kb4 50. b3 c5 51. Kb6 Kxb3 52. Kxa5 c4 53. Kb6 c3 54. a5 c2 55. a6 c1=Q 56. a7 Qe3+ 57. Kc7 Qe7+ 58. Kb8 Qd8+ 59. Kb7 Qd7+ 60. Kb8 Qb5+ 61.
Kc7 Qa6 62. Kb8 Qb6+ 63. Ka8 Kc4 64. g3 Kb5 65. gxh4 Ka6 66. h5 Qxa7# 0-1

[Event "*** Titled Tuesday Blitz"]
[Site "Chess.com"]
[Date "2020.10.20"]
[Round "4"]
[White "geordie_derraugh"]
[Black "suyu28"]
[Result "1-0"]
[WhiteElo "2381"]
[BlackElo "2603"]
[TimeControl "180+1"]
[EndTime "10:41:57 PDT"]
[Termination "geordie_derraugh won on time"]

1. e4 e5 2. Nf3 Nc6 3. Bc4 Bc5 4. c3 Nf6 5. d3 O-O 6. O-O a6 7. Bb3 d6 8. h3 h6 9. Nbd2 Re8 10. a4 Be6 11. Bc2 d5 12. exd5 Nxd5 13. Ne4 Bf8 14.
Ng3 g6 15. Re1 Bg7 16. Ne4 b6 17. Ned2 f5 18. Nc4 Bf7 19. Bd2 Qd7 20. Ne3 Nf4 21. d4 e4 22. Nh2 Nd3 23. Bxd3 exd3 24. Qb1 f4 25. Neg4 h5 26. Ne5 Nxe5 27. dxe5 Bb3 28. Nf3 Bc2 29. Qa2+ Kh8 30. Ng5 Rf8 31. e6 Qe7 32.
Nf7+ Kh7 33. Bxf4 Rae8 34. Bg5 Bf6 35. Qd5 Bxg5 36. Nxg5+ Kg8 37. h4 Rd8 38. Qe4 Rf5 39. Qe3 d2 40. Red1 Bxd1 41. Rxd1 Rd6 42. Rxd2 Rxd2 43. Qxd2 Kg7 44. Qd4+ Kg8 45. Qd3 a5 46. Qa6 Rf8 47. Qc4 Rd8 48. Qe4 1-0